NYP
WEST VIRGINIA BLACK BEARS @ TRI-CITY DUST DEVILS
09/17/2048
 
TOP OF THE 1ST
West Virginia Black Bears batting - Pitching for Tri-City Dust Devils : RHP Nick Goodlow
Pitching: RHP Nick Goodlow
Batting: LHB Norm Silveira-Wray 0-0: Fly out, F8 (Flyball, 8LD, EV 107.5 MPH)
Batting: LHB Josh Aerni 0-0: Ball
1-0: Swinging Strike
1-1: Ball
2-1: Ball
3-1: Base on Balls
Batting: RHB Brandon White 0-0: Called Strike
0-1: Ball
1-1: Reached on error, E4 (Groundball, 4, EV 86.9 MPH)
Josh Aerni to second
Batting: LHB Joe Wise 0-0: Ball
1-0: Ball
2-0: Ball
3-0: Base on Balls
Josh Aerni to third
Brandon White to second
Batting: SHB Curtis Thompson 0-0: TRIPLE (Flyball, 89XD, EV 86.2 MPH)
Josh Aerni scores
Brandon White scores
Joe Wise scores
Batting: RHB Tim Moore 0-0: Ground out 6-3 (Groundball, 6, EV 83.1 MPH)
Curtis Thompson scores
Batting: RHB Tom Tate 0-0: Called Strike
0-1: Swinging Strike
0-2: Ground out 4-3 (Groundball, 4, EV 83.8 MPH)
Top of the 1st over - 4 runs, 1 hit, 1 error, 0 left on base; West Virginia 4 - Tri-City 0
BOTTOM OF THE 1ST
Tri-City Dust Devils batting - Pitching for West Virginia Black Bears : RHP Jerry Spitler
Pitching: RHP Jerry Spitler
Batting: LHB Ramon Vega 0-0: Ball
1-0: Called Strike
1-1: Foul Ball, location: 2F
1-2: Foul Ball, location: 2F
1-2: Ball
2-2: Ground out 6-3 (Groundball, 6M, EV 85.0 MPH)
Batting: LHB Phil Lerner 0-0: Ball
1-0: Ground out 1-5-3 (Groundball, 15S, EV 102.5 MPH)
Batting: RHB Hector Fernandez 0-0: Ball
1-0: Ball
2-0: Swinging Strike
2-1: Ball
3-1: Base on Balls
Batting: SHB Isaiah Scates 0-0: Called Strike
0-1: Ground out 5-3 (Groundball, 56S, EV 84.4 MPH)
Bottom of the 1st over - 0 runs, 0 hits, 0 errors, 1 left on base; West Virginia 4 - Tri-City 0
TOP OF THE 2ND
West Virginia Black Bears batting - Pitching for Tri-City Dust Devils : RHP Nick Goodlow
Batting: RHB Terrence Wilson 0-0: Ball
1-0: Foul Ball, location: 2F
1-1: Ball
2-1: Swinging Strike
2-2: Ball
3-2: Foul Ball, location: 2F
3-2: Foul Ball, location: 2F
3-2: Strikes out swinging
Batting: RHB Bob Raine 0-0: Ball
1-0: Ball
2-0: Called Strike
2-1: Swinging Strike
2-2: Strikes out swinging
Batting: LHB Norm Silveira-Wray 0-0: Ball
1-0: Swinging Strike
1-1: Ball
2-1: Foul Ball, location: 2F
2-2: Strikes out swinging
Top of the 2nd over - 0 runs, 0 hits, 0 errors, 0 left on base; West Virginia 4 - Tri-City 0
BOTTOM OF THE 2ND
Tri-City Dust Devils batting - Pitching for West Virginia Black Bears : RHP Jerry Spitler
Batting: RHB Eric McMillian 0-0: Ball
1-0: TRIPLE (Line Drive, 78XD, EV 105.6 MPH)
Batting: RHB Max Stillo 0-0: Called Strike
0-1: Ball
1-1: Ball
2-1: Ball
3-1: Foul Ball, location: 2F
3-2: Foul Ball, location: 2F
3-2: Fly out, F8 (Flyball, 8LD, EV 109.4 MPH)
Runner from 3rd tags up, SCORES, throw by CF
Batting: RHB Frank Elizondo 0-0: Ball
1-0: Ball
2-0: Ball
3-0: Base on Balls
Batting: RHB Oren Jones 0-0: Ball
1-0: Hit by Pitch
Frank Elizondo to second
Batting: RHB Shane Bruce 0-0: Ball
1-0: SINGLE (Groundball, 56, EV 106.9 MPH)
Frank Elizondo to third
Oren Jones to second
Batting: LHB Ramon Vega 0-0: Ball
1-0: Called Strike
1-1: Swinging Strike
1-2: Ball
2-2: SINGLE (Line Drive, 8RS, EV 95.0 MPH)
Frank Elizondo scores
Oren Jones to third
Shane Bruce to second
Batting: LHB Phil Lerner 0-0: Called Strike
0-1: Ball
1-1: Called Strike
1-2: Foul Ball, location: 2F
1-2: Ball
2-2: Fly out, F8 (Flyball, 8RD, EV 96.9 MPH)
Runner from 3rd tags up, SCORES, throw by CF
Shane Bruce to third
Batting: RHB Hector Fernandez 0-0: Ball
1-0: Swinging Strike
1-1: Fly out, F7 (Flyball, 7, EV 88.8 MPH)
Bottom of the 2nd over - 3 runs, 3 hits, 0 errors, 2 left on base; West Virginia 4 - Tri-City 3
TOP OF THE 3RD
West Virginia Black Bears batting - Pitching for Tri-City Dust Devils : RHP Nick Goodlow
Batting: LHB Josh Aerni 0-0: Ball
1-0: Called Strike
1-1: DOUBLE (Line Drive, 8RXD, EV 104.4 MPH)
Batting: RHB Brandon White 0-0: Fly out, F8 (Flyball, 8RD, EV 95.6 MPH)
Batting: LHB Joe Wise 0-0: Ball
1-0: Called Strike
1-1: Called Strike
1-2: Ball
2-2: SINGLE (Groundball, 34S, EV 68.8 MPH) (infield hit)
Josh Aerni to third
Batting: SHB Curtis Thompson 0-0: TRIPLE (Line Drive, 89XD, EV 96.2 MPH)
Josh Aerni scores
Joe Wise scores
Pitching: RHP Troy Conners
Batting: RHB Tim Moore 0-0: Called Strike
0-1: Foul Ball, location: 2F
0-2: Ball
1-2: Foul Ball, location: 2F
1-2: Strikes out swinging
Batting: RHB Tom Tate 0-0: Ball
1-0: Swinging Strike
1-1: Called Strike
1-2: Strikes out swinging
Top of the 3rd over - 2 runs, 3 hits, 0 errors, 1 left on base; West Virginia 6 - Tri-City 3
BOTTOM OF THE 3RD
Tri-City Dust Devils batting - Pitching for West Virginia Black Bears : RHP Jerry Spitler
Batting: SHB Isaiah Scates 0-0: Called Strike
0-1: Ball
1-1: Ball
2-1: Foul Ball, location: 2F
2-2: Strikes out swinging
Batting: RHB Eric McMillian 0-0: SINGLE (Line Drive, 89S, EV 98.1 MPH)
Batting: RHB Max Stillo 0-0: Ball
1-0: Foul Ball, location: 2F
1-1: Foul Ball, location: 2F
1-2: Foul Ball, location: 2F
1-2: Ball
2-2: Fielders Choice at 2nd, 5-4 (Groundball, 56S, EV 81.9 MPH)
Batting: RHB Frank Elizondo 0-0: Ball
1-0: Reached on error, E4 (Groundball, 4, EV 79.4 MPH)
Max Stillo to third
Batting: RHB Oren Jones 0-0: Ball
1-0: Swinging Strike
1-1: Foul Ball, location: 2F
1-2: Ball
2-2: Ball
3-2: Base on Balls
Batting: RHB Shane Bruce 0-0: Fielders Choice at 2nd, 6-4 (Groundball, 6, EV 106.9 MPH)
Bottom of the 3rd over - 0 runs, 1 hit, 1 error, 3 left on base; West Virginia 6 - Tri-City 3
TOP OF THE 4TH
West Virginia Black Bears batting - Pitching for Tri-City Dust Devils : RHP Troy Conners
Batting: RHB Terrence Wilson 0-0: Called Strike
0-1: Ball
1-1: Called Strike
1-2: Strikes out swinging
Batting: RHB Bob Raine 0-0: Foul Ball, location: 2F
0-1: Ball
1-1: Ground out 5-3 (Groundball, 25, EV 82.5 MPH)
Batting: LHB Norm Silveira-Wray 0-0: Ball
1-0: Ball
2-0: Ball
3-0: Called Strike
3-1: Base on Balls
Batting: LHB Josh Aerni 0-0: Ball
1-0: Ball
2-0: Foul Ball, location: 2F
2-1: Ground out U3 (Groundball, 3, EV 106.9 MPH)
Top of the 4th over - 0 runs, 0 hits, 0 errors, 1 left on base; West Virginia 6 - Tri-City 3
BOTTOM OF THE 4TH
Tri-City Dust Devils batting - Pitching for West Virginia Black Bears : RHP Jerry Spitler
Batting: LHB Ramon Vega 0-0: Called Strike
0-1: Called Strike
0-2: Ball
1-2: Ground out 4-3 (Groundball, 4M, EV 85.6 MPH)
Batting: LHB Phil Lerner 0-0: Called Strike
0-1: Called Strike
0-2: Foul Ball, location: 2F
0-2: Hit by Pitch
Batting: RHB Hector Fernandez 0-0: Called Strike
Phil Lerner steals 2nd, throwing error, E2
Phil Lerner to third
0-1: Ball
1-1: Called Strike
1-2: Foul Ball, location: 2F
1-2: SINGLE (Groundball, 56D, EV 103.8 MPH)
Phil Lerner scores
Pitching: RHP Xavier Stovall
Batting: SHB Isaiah Scates 0-0: Called Strike
0-1: Called Strike
0-2: Foul Ball, location: 2F
0-2: SINGLE (Line Drive, 6D, EV 104.4 MPH)
Hector Fernandez to second
Batting: RHB Eric McMillian 0-0: Ball
1-0: SINGLE (Flyball, 7LS, EV 86.2 MPH)
Hector Fernandez to third
Isaiah Scates to second
Runner from 3rd tries for Home, SAFE, throw by LF to home
Batting: RHB Max Stillo 0-0: Called Strike
0-1: Swinging Strike
0-2: Ball
Wild Pitch!
Isaiah Scates to third
Eric McMillian to second
1-2: Ball
2-2: Foul Ball, location: 2F
2-2: Fly out, F8 (Flyball, 8LM, EV 87.5 MPH)
Batting: RHB Frank Elizondo 0-0: Called Strike
0-1: Swinging Strike
0-2: Strikes out swinging
Bottom of the 4th over - 2 runs, 3 hits, 1 error, 2 left on base; West Virginia 6 - Tri-City 5
TOP OF THE 5TH
West Virginia Black Bears batting - Pitching for Tri-City Dust Devils : RHP Troy Conners
Batting: RHB Brandon White 0-0: Ball
1-0: Ball
2-0: Called Strike
2-1: DOUBLE (Line Drive, 9LS, EV 91.9 MPH)
Batting: LHB Joe Wise 0-0: Reached on error, E4 (Groundball, 4S, EV 91.9 MPH)
Brandon White to third
Batting: SHB Curtis Thompson 0-0: Swinging Strike
0-1: Ball
1-1: Foul Ball, location: 2F
1-2: Foul Ball, location: 2F
1-2: Foul Ball, location: 2F
1-2: Ball
2-2: Strikes out looking
Batting: RHB Tim Moore 0-0: Ball
1-0: Grounds into double play, 4-6-3 (Groundball, 4, EV 90.6 MPH)
Top of the 5th over - 0 runs, 1 hit, 1 error, 1 left on base; West Virginia 6 - Tri-City 5
BOTTOM OF THE 5TH
Tri-City Dust Devils batting - Pitching for West Virginia Black Bears : RHP Xavier Stovall
Batting: RHB Oren Jones 0-0: Ball
1-0: Fly out, F9 (Flyball, 9D, EV 95.6 MPH)
Batting: RHB Shane Bruce 0-0: Ball
1-0: Ball
2-0: Ground out U3 (Groundball, 3, EV 86.2 MPH)
Batting: LHB Ramon Vega 0-0: Swinging Strike
0-1: Ground out 4-3 (Groundball, 4, EV 98.1 MPH)
Bottom of the 5th over - 0 runs, 0 hits, 0 errors, 0 left on base; West Virginia 6 - Tri-City 5
TOP OF THE 6TH
West Virginia Black Bears batting - Pitching for Tri-City Dust Devils : RHP Troy Conners
Batting: RHB Tom Tate 0-0: Foul Ball, location: 2F
0-1: Ball
1-1: Ball
2-1: SOLO HOME RUN (Flyball, 7LD, EV 98.1 MPH), Distance : 383 ft
Batting: RHB Terrence Wilson 0-0: Ball
1-0: Swinging Strike
1-1: Ball
2-1: Foul Ball, location: 2F
2-2: Ball
3-2: Foul Ball, location: 2F
3-2: Base on Balls
Pitching: RHP Chris Pisor
Batting: RHB Bob Raine 0-0: Ball
Terrence Wilson steals 2nd base
1-0: DOUBLE (Flyball, 7LM, EV 93.1 MPH)
Terrence Wilson scores
Batting: LHB Norm Silveira-Wray 0-0: Ball
1-0: Ball
2-0: Called Strike
2-1: Foul Ball, location: 2F
2-2: Foul Ball, location: 2F
2-2: Ball
3-2: Foul Ball, location: 2F
3-2: Foul Ball, location: 2F
3-2: Foul Ball, location: 2F
3-2: Strikes out swinging
Batting: LHB Josh Aerni 0-0: Ball
1-0: Called Strike
1-1: Ball
2-1: Fly out, F8 (Flyball, 8LXD, EV 101.9 MPH)
Runner from 2nd tags up, SAFE at 3rd, no throw by CF
Batting: RHB Brandon White 0-0: Called Strike
0-1: Foul Ball, location: 2F
0-2: Ball
1-2: Ball
2-2: Ball
3-2: DOUBLE (Flyball, 8LXD, EV 95.0 MPH)
Bob Raine scores
Batting: LHB Joe Wise 0-0: Foul Ball, location: 2F
0-1: Swinging Strike
0-2: Strikes out swinging
Top of the 6th over - 3 runs, 3 hits, 0 errors, 1 left on base; West Virginia 9 - Tri-City 5
BOTTOM OF THE 6TH
Tri-City Dust Devils batting - Pitching for West Virginia Black Bears : RHP Xavier Stovall
Batting: LHB Phil Lerner 0-0: Called Strike
0-1: TRIPLE (Flyball, 89XD, EV 100.6 MPH)
Batting: RHB Hector Fernandez 0-0: Fly out, F8 (Flyball, 8RXD, EV 96.9 MPH)
Runner from 3rd tags up, SCORES, no throw by CF
Batting: SHB Isaiah Scates 0-0: Called Strike
0-1: Ball
1-1: Foul Ball, location: 2F
1-2: Foul Ball, location: 2F
1-2: SINGLE (Groundball, 3D, EV 100.0 MPH)
Batting: RHB Eric McMillian 0-0: Swinging Strike
0-1: Ball
1-1: DOUBLE (Flyball, 8LXD, EV 98.8 MPH)
Isaiah Scates to third
Runner from 3rd tries for Home, SAFE, no throw by CF
Pitching: RHP Frank Morris
Batting: RHB Max Stillo 0-0: Called Strike
0-1: Called Strike
0-2: Strikes out swinging
Batting: RHB Frank Elizondo 0-0: Ball
1-0: Ball
2-0: Ball
3-0: Base on Balls
Batting: RHB Oren Jones 0-0: Ball
1-0: Swinging Strike
1-1: Fielders Choice at 2nd, 5-4 (Groundball, 56, EV 81.2 MPH)
Bottom of the 6th over - 2 runs, 3 hits, 0 errors, 2 left on base; West Virginia 9 - Tri-City 7
TOP OF THE 7TH
West Virginia Black Bears batting - Pitching for Tri-City Dust Devils : RHP Chris Pisor
Batting: SHB Curtis Thompson 0-0: Called Strike
0-1: Ground out 5-3 (Groundball, 6, EV 80.0 MPH)
Batting: RHB Tim Moore 0-0: Foul Ball, location: 2F
0-1: Ball
1-1: Ball
2-1: Ball
3-1: Called Strike
3-2: Strikes out swinging
Batting: RHB Tom Tate 0-0: Called Strike
0-1: Foul Ball, location: 2F
0-2: Strikes out swinging
Top of the 7th over - 0 runs, 0 hits, 0 errors, 0 left on base; West Virginia 9 - Tri-City 7
BOTTOM OF THE 7TH
Tri-City Dust Devils batting - Pitching for West Virginia Black Bears : RHP Frank Morris
Batting: RHB Shane Bruce 0-0: Ball
1-0: Swinging Strike
1-1: Ground out 6-3 (Groundball, 6, EV 85.0 MPH)
Batting: LHB Ramon Vega 0-0: Swinging Strike
0-1: Ball
1-1: Swinging Strike
1-2: Ball
2-2: Strikes out swinging
Pitching: RHP Hitoshi Yoshihara
Batting: LHB Phil Lerner 0-0: Ball
1-0: Swinging Strike
1-1: Called Strike
1-2: Ball
2-2: Ball
3-2: Strikes out swinging
Bottom of the 7th over - 0 runs, 0 hits, 0 errors, 0 left on base; West Virginia 9 - Tri-City 7
TOP OF THE 8TH
West Virginia Black Bears batting - Pitching for Tri-City Dust Devils : RHP Chris Pisor
Pitching: RHP Jamal Kilburn
Batting: RHB Terrence Wilson 0-0: Foul Ball, location: 2F
0-1: Ball
1-1: Ball
2-1: Foul Ball, location: 2F
2-2: Strikes out swinging
Batting: RHB Bob Raine 0-0: Ground out 3-1 (Groundball, 34, EV 107.5 MPH)
Batting: LHB Norm Silveira-Wray 0-0: Called Strike
0-1: Ball
1-1: Foul Ball, location: 2F
1-2: Ball
2-2: Ground out 6-3 (Groundball, 6M, EV 100.6 MPH)
Top of the 8th over - 0 runs, 0 hits, 0 errors, 0 left on base; West Virginia 9 - Tri-City 7
BOTTOM OF THE 8TH
Tri-City Dust Devils batting - Pitching for West Virginia Black Bears : RHP Hitoshi Yoshihara
Batting: RHB Hector Fernandez 0-0: Foul Ball, location: 2F
0-1: Foul Ball, location: 2F
0-2: Strikes out looking
Batting: SHB Isaiah Scates 0-0: Called Strike
0-1: Swinging Strike
0-2: Ball
1-2: Ball
2-2: Strikes out swinging
Batting: RHB Eric McMillian 0-0: Called Strike
0-1: Ball
1-1: Ball
2-1: Foul Ball, location: 2F
2-2: Ball
3-2: Strikes out swinging
Bottom of the 8th over - 0 runs, 0 hits, 0 errors, 0 left on base; West Virginia 9 - Tri-City 7
TOP OF THE 9TH
West Virginia Black Bears batting - Pitching for Tri-City Dust Devils : RHP Jamal Kilburn
Batting: LHB Josh Aerni 0-0: Foul Ball, location: 2F
0-1: Ball
1-1: Ball
2-1: Foul Ball, location: 2F
2-2: Foul Ball, location: 2F
2-2: SINGLE (Line Drive, 3D, EV 104.4 MPH)
Batting: RHB Brandon White 0-0: Called Strike
Josh Aerni steals 2nd base
0-1: Called Strike
0-2: Ball
1-2: Ball
2-2: Foul Ball, location: 2F
2-2: Strikes out looking
Batting: LHB Joe Wise 0-0: Intentional Walk
Batting: SHB Curtis Thompson 0-0: Called Strike
0-1: Ball
1-1: Grounds into double play, 4-6-3 (Groundball, 34, EV 86.9 MPH)
Top of the 9th over - 0 runs, 1 hit, 0 errors, 1 left on base; West Virginia 9 - Tri-City 7
BOTTOM OF THE 9TH
Tri-City Dust Devils batting - Pitching for West Virginia Black Bears : RHP Hitoshi Yoshihara
Batting: RHB Max Stillo 0-0: Ball
1-0: Ball
2-0: Called Strike
2-1: Foul Ball, location: 2F
2-2: Strikes out swinging, 2-3 out at first.
Batting: RHB Frank Elizondo 0-0: Ball
1-0: Called Strike
1-1: Ball
2-1: Foul Ball, location: 2F
2-2: Strikes out swinging
Pitching: RHP Mike Rosen
Batting: RHB Oren Jones 0-0: Called Strike
0-1: Called Strike
0-2: Strikes out swinging
Bottom of the 9th over - 0 runs, 0 hits, 0 errors, 0 left on base; West Virginia 9 - Tri-City 7
Tuesday, March 28th , 2023 - OOTP Baseball 23.10 Build 110